 Dungeon Crawl Stone Soup version 0.29.1-12-g30fa7ad0bf (webtiles) character file.

Game seed: 13400447484436494732

906 warriortoast the Ducker (level 7, -7/37 HPs)
             Began as a Spriggan Hunter on Dec 14, 2022.
             Was a Follower of Qazlal.
             Mangled by Maggie
             ... wielding a +0 glaive
              (13 damage)
             ... on level 6 of the Dungeon.
             The game lasted 00:09:34 (5541 turns).

warriortoast the Ducker (Spriggan Hunter)           Turns: 5541, Time: 00:09:34

Health: -7/37      AC:  2    Str:  7    XL:     7   Next: 81%
Magic:  8/8        EV: 26    Int: 10    God:    Qazlal [*.....]
Gold:   271        SH:  2    Dex: 21    Spells: 6/6 levels left

rFire   . . .      SeeInvis +   a - +0 shortbow
rCold   . . .      Faith    .   (shield currently unavailable)
rNeg    . . .      Spirit   .   c - +0 robe
rPois   .          Reflect  .   (helmet restricted)
rElec   .          Harm     .   (no cloak)
rCorr   +          Rampage  .   (gloves unavailable)
Will    +....                   (boots unavailable)
Stlth   +++.......              o - amulet of regeneration
HPRegen 0.92/turn               d - ring of resist corrosion
MPRegen 0.11/turn               n - +4 ring of evasion

@: mesmerised, very quick
A: very small, no large weapons, unfitting armour, see invisible, speed 3
a: Renounce Religion


You were on level 6 of the Dungeon.
You worshipped Qazlal.
Qazlal was aware of your devotion.
You visited 2 branches of the dungeon, and saw 7 of its levels.

You collected 293 gold pieces.
You spent 22 gold pieces at shops.

Inventory:

Hand Weapons
 a - a +0 shortbow (weapon)
Armour
 c - a +0 robe (worn)
Jewellery
 d - a ring of resist corrosion (left hand)
 m - a +6 ring of strength
 n - a +4 ring of evasion (right hand)
 o - an amulet of regeneration (around neck)
Scrolls
 b - 2 scrolls of immolation
 f - 5 scrolls of identify
 h - a scroll of brand weapon {unknown}
 l - a scroll of magic mapping {unknown}
 p - a scroll of torment {unknown}
 q - a scroll of acquirement {unknown}
 r - 2 scrolls of poison {unknown}
Potions
 e - 3 potions of magic {unknown}
 g - 5 potions of curing {unknown}
 i - a potion of attraction {unknown}
 j - a potion of invisibility {unknown}
 k - 3 potions of degeneration {unknown}
 s - a potion of heal wounds {unknown}
 t - a potion of might {unknown}
 u - a potion of resistance


   Skills:
 + Level 4.2 Fighting
 + Level 6.3 Ranged Weapons
 + Level 6.8 Dodging
 - Level 5.0 Stealth


You had 6 spell levels left.
You didn't know any spells.
Your spell library contained the following spells:

 Spells                   Type           Power      Damage    Failure   Level
 Sandblast                Erth           0%         2d4       36%         1
 Passwall                 Tmut/Erth      0%         N/A       50%         2
 Portal Projectile        Hex/Tloc       0%         N/A       75%         3
 Stone Arrow              Conj/Erth      0%         3d7       75%         3
 Tukima's Dance           Hex            0%         N/A       75%         3
 Passage of Golubria      Tloc           0%         N/A       98%         4
 Blade Hands              Tmut           0%         N/A       100%        5
 Yara's Violent Unravell  Hex/Tmut       0%         3d3       100%        5


Dungeon Overview and Level Annotations

Branches:
Dungeon (6/15)             Temple (1/1) D:4

Altars:
Ashenzari
Cheibriados
Dithmenos
Fedhas
Hepliaklqana
Kikubaaqudgha
Qazlal
Ru
Sif Muna
Trog
Uskayaw
Vehumet
The Shining One

Shops:
D:4 *

Annotations:
D:5 Sigmund
D:6 Maggie


Innate Abilities, Weirdness & Mutations

You are very small and have problems with some larger weapons.
You are too small for most types of armour.
You have supernaturally acute eyesight. (SInv)
You cover ground extremely quickly. (Speed+++)


Message History

Maggie gestures at you while chanting. The bolt of fire hits you!
You shoot an arrow. The arrow closely misses Maggie.
You shoot an arrow. The arrow barely misses Maggie.
Maggie shouts, "Leave me alone!"
You shoot an arrow.
The arrow hits Maggie but does no damage.
Maggie is lightly wounded.
Maggie misses you.
You cannot move away from Maggie!
You cannot move away from Maggie!
Unknown command.
You cannot move away from Maggie!
You cannot move away from Maggie!
You shoot an arrow. The arrow hits Maggie.
Maggie is lightly wounded.
Maggie misses you.
You shoot an arrow. The arrow hits Maggie.
Maggie is lightly wounded.
Maggie gestures wildly while chanting.
Maggie draws you further into her thrall.
You shoot an arrow.
The arrow hits Maggie but does no damage.
Maggie is lightly wounded.
Maggie gestures at you while chanting. The bolt of fire hits you!!
Ouch! That really hurt!
* * * LOW HITPOINT WARNING * * *
Maggie zaps a wand.
The bolt of acid misses you.
You are too injured to fight recklessly!
You are too injured to fight recklessly!
You are too injured to fight recklessly!
You are too injured to fight recklessly!
Fire: a) +0 shortbow
Press: ? - help, Q - select action Shift-Dir - straight line, f/p - Maggie
Aim: Maggie, wielding a +0 glaive, wearing +2 swamp dragon scales and carrying a wand of acid (10) (lightly wounded, mesmerising, unusually resistant, 70% to hit)
You shoot an arrow. The arrow hits Maggie.
Maggie is lightly wounded.
Maggie hits you from afar with a +0 glaive!
You die...

##...# ### #....## ###..
##.....####...#
#......##....##
##...#####...## ###...##
##...# ##..@### ##..##
###§..## ####..# #...@.#
###...... #...§## ##........
#...########.........
#...###..............
#...#....8.8.8......#
#.....#.............# ###
#.....#............##
####.####.......#(........###
#...............#_)..........


You could see Maggie (mesmerising, resistant).

Vanquished Creatures
  A black bear (D:6)
  A phantom (D:5)
  A bullfrog (D:6)
  A necrophage (D:6)
  2 scorpions (D:5)
  A gnoll bouda (D:5)
  An orc priest (D:6)
  3 hounds
  4 orc wizards
  Terence (D:3)
  14 adders
  3 gnolls (D:5)
  A dart slug (D:1)
  16 orcs
  4 endoplasms
  3 giant cockroaches
  5 hobgoblins
  3 jackals (D:2)
  3 kobolds
  6 quokkas
  7 ball pythons
  3 bats (D:1)
  2 frilled lizards
  2 goblins
  2 rats
90 creatures vanquished.

Notes
Turn   | Place    | Note
-------+----------+-------------------------------------------
     0 | D:1      | warriortoast the Spriggan Hunter began the quest for the
                  | Orb.
     0 | D:1      | Reached XP level 1. HP: 10/10 MP: 2/2
   453 | D:1      | Reached XP level 2. HP: 11/15 MP: 3/3
  1115 | D:2      | Reached XP level 3. HP: 18/18 MP: 4/4
  1737 | D:3      | Reached XP level 4. HP: 9/23 MP: 5/5
  2114 | D:3      | Noticed Terence
  2182 | D:3      | Killed Terence
  2715 | D:4      | Found a staircase to the Ecumenical Temple.
  2750 | Temple   | Entered the Ecumenical Temple
  2795 | Temple   | Became a worshipper of Qazlal Stormbringer
  2991 | D:4      | Reached XP level 5. HP: 27/27 MP: 6/6
  3253 | D:4      | Found Loavutess's Specific Store.
  3257 | D:4      | Found Dumich's General Store.
  3263 | D:4      | Bought a scroll of identify for 22 gold pieces
  3414 | D:4      | Found a blossoming altar of Fedhas.
  3471 | D:5      | Entered Level 5 of the Dungeon
  3632 | D:5      | Reached * piety under Qazlal
  3633 | D:5      | Reached skill level 5 in Ranged Weapons
  3718 | D:5      | Reached XP level 6. HP: 32/32 MP: 7/7
  3760 | D:5      | Reached skill level 5 in Stealth
  3821 | D:5      | Reached skill level 5 in Dodging
  3842 | D:5      | Noticed Sigmund
  4244 | D:5      | Reached XP level 7. HP: 36/36 MP: 8/8
  4931 | D:6      | Found a hide-covered altar of Uskayaw.
  5521 | D:6      | Noticed Maggie
  5541 | D:6      | Mangled by Maggie

Illustrated notes

Levels and vault maps discovered:
D:1:      tarquinn_simple_flora_water_c, layout_basic, chequers_jeans
D:2:      layout_loops_ring, minmay_strange_pillars, kennysheep_crisscross
D:3:      layout_basic, uniq_terence
D:4:      layout_cave_pools, general_overflow_altar, temple_statues,
          minivault_26, nicolae_specific_store, minivault_11,
          grunt_decor_clamped, amcnicky_mini_rare_corridor_liquid
D:5:      layout_basic, uniq_sigmund
D:6:      layout_layer_cave, eat_drink_and_be_merry_uskayaw,
          minmay_misc_feat_ornament, moated_statue, uniq_maggie
Temple:   jpeg_temple_clearing

Skill      XL: |  1  2  3  4  5  6  7 |
---------------+----------------------+-----
Dodging        | 3 4 5 6 |  6.8
Stealth        | 2 3 4 5 |  5.0
Fighting       | 2 3 4 |  4.2
Ranged Weapons | 5 6 |  6.3

Action                   |  1- 3 |  4- 6 |  7- 9 || total
-------------------------+-------+-------+-------++-------
 Fire: Shortbow          |   101 |   205 |    87 ||   393
Armor: Robe              |     7 |     5 |     1 ||    13
Dodge: Dodged            |    47 |   107 |    43 ||   197
Block: Other             |       |     3 |       ||     3
